 Dungeon Crawl Stone Soup version 0.18-a0-1413-g4eaa9ac (webtiles) character file.

4449 Ijustatesigmund the Changer (level 10, -3/81 HPs)
             Began as an Octopode Transmuter on Feb 25, 2016.
             Was a Believer of Cheibriados.
             Slain by a killer bee (8 damage)
             ... on level 9 of the Dungeon.
             The game lasted 00:43:57 (11714 turns).

Ijustatesigmund the Changer (Octopode Transmuter)  Turns: 11714, Time: 00:43:57

Health: -3/81      AC:  7    Str: 14    XL:     10   Next: 37%
Magic:  10/18      EV: 10    Int: 23    God:    Cheibriados [**....]
Gold:   248        SH:  0    Dex: 18    Spells: 6 memorised, 5 levels left

rFire  x . .     SeeInvis .       - Unarmed
rCold  + + +     Gourm    .     (shield currently unavailable)
rNeg   + . .     Faith    .     (helmet currently unavailable)
rPois  +         Spirit   .     A - amulet of inaccuracy (curse)
rElec  .         Dismiss  .     l - ring of sustain attributes
rCorr  .         Reflect  .     t - ring of positive energy
SustAt +         Harm     .     w - ring of teleportation (curse)
MR     .....     Rnd*Tele +     a - +2 ring of intelligence
Stlth  +++.......               z - +3 ring of slaying
                                (no ring)
                                (no ring)
                                (no ring)

@: lethally poisoned (-3 -> -11), about to teleport, ice-form, very slow, not
resistant to hostile enchantments, fairly stealthy
A: almost no armour, amphibious, 8 rings, (constrict 8), (camouflage 0),
(gelatinous body 0)
a: End Transformation, Bend Time, Renounce Religion


You were on level 9 of the Dungeon.
You worshipped Cheibriados.
Cheibriados was pleased with you.
You were not hungry.
You were a creature of crystalline ice.
You visited 2 branches of the dungeon, and saw 10 of its levels.
You also visited: Sewer.

You collected 248 gold pieces.

Inventory:

Missiles
 u - 54 arrows
Armour
 n - a +1 buckler (melded)
Jewellery
 a - a +2 ring of intelligence (on tentacle)
 i - an uncursed ring of see invisible {unknown}
 l - a ring of sustain attributes (left front paw)
 t - a ring of positive energy (right front paw)
 w - a cursed ring of teleportation (on tentacle)
 z - a +3 ring of slaying (on tentacle)
 A - a cursed amulet of inaccuracy (around neck)
Wands
 d - a wand of lightning (5/15)
 p - a wand of slowing (21/48)
 r - a wand of slowing (19/48)
Scrolls
 e - 2 scrolls of recharging
 x - 2 scrolls of enchant weapon
 B - a scroll of enchant armour
Potions
 h - a potion of lignification
 j - 2 potions of magic
 m - 2 potions of mutation
 s - 2 potions of cancellation
 C - a potion of brilliance
Books
 b - a book of Changes

   Spells                             Type                      Level
   a - Beastly Appendage              Transmutation                1
   b - Sticks to Snakes               Transmutation                2
   c - Spider Form                    Transmutation/Poison         3
   d - Ice Form                       Ice/Transmutation            4
   e - Blade Hands                    Transmutation                5
 v - a book of Dreams

   Spells                             Type                      Level
   a - Ensorcelled Hibernation        Hexes/Ice                    2
   b - Silence                        Hexes/Air                    5
   c - Darkness                       Hexes                        6
   d - Mass Confusion                 Hexes                        6
   e - Shadow Creatures               Summoning                    6
 y - a book of Alchemy

   Spells                             Type                      Level
   a - Sublimation of Blood           Necromancy                   2
   b - Ignite Poison                  Fire/Transmutation/Poison    3
   c - Petrify                        Transmutation/Earth          4
   d - Alistair's Intoxication        Transmutation/Poison         5
   e - Irradiate                      Conjuration/Transmutation    5
Comestibles
 c - 4 bread rations
 f - a chunk of flesh
 g - 3 meat rations


   Skills:
 - Level 6.0 Fighting
 - Level 2.0 Dodging
 - Level 4.8 Stealth
 - Level 5.0 Shields
 - Level 6.2 Unarmed Combat
 - Level 5.6 Spellcasting
 - Level 3.0 Hexes
 - Level 6.6 Transmutations
 - Level 6.0 Ice Magic
 - Level 3.0 Poison Magic
 + Level 4.2 Invocations


You had 5 spell levels left.
You knew the following spells:

 Your Spells              Type           Power        Failure   Level  Hunger
a - Beastly Appendage     Trmt           #####.       1%          1    None
b - Sticks to Snakes      Trmt           #####...     1%          2    None
c - Spider Form           Trmt/Pois      ####......   4%          3    #......
d - Ice Form              Ice/Trmt       #####...     10%         4    ###....
e - Ensorcelled Hibernat  Hex/Ice        ####..       2%          2    None
f - Ignite Poison         Fire/Trmt/Pois ###.....     10%         3    #......


Dungeon Overview and Level Annotations

Branches:
Dungeon (9/15)             Temple (1/1) D:7
   Lair: D:8-11         Orc: D:9-12

Altars:
Ashenzari
Cheibriados
Dithmenos
Elyvilon
Fedhas
Gozag
Kikubaaqudgha
Makhleb
Nemelex Xobeh
Okawaru
Pakellas
Qazlal
Ru
Sif Muna
Trog
Vehumet
Xom
Yredelemnul
Zin
The Shining One

Shops:
D:7 }   D:8 !

Annotations:
D:6 Edmund
D:8 Uberwunderbarhen's ghost, novice OpTm


Innate Abilities, Weirdness & Mutations

You cannot wear most types of armour.
You are amphibious.
You can wear up to eight rings at the same time.
((You can use your tentacles to constrict eight enemies at once.))
((Your skin changes colour to match your surroundings (Stealth).))
((Your rubbery body absorbs attacks (AC +1).))


Message History

As you read the scroll of teleportation, it crumbles to dust.
You feel strangely unstable.
You feel sick. The killer bee barely misses you. x2
The killer bee stings you!
You are more poisoned.
The killer bee poisons you! The killer bee stings you.
A gnoll sergeant comes into view. It is wielding a vampiric spear.
You feel sick.
The killer bee stings you but does no damage.
The killer bee stings you!
* * * LOW HITPOINT WARNING * * *
The killer bee stings you but does no damage.
The killer bee stings you!
* * * LOW HITPOINT WARNING * * *
Drink which item? (? for menu, Esc to quit)
Okay, then.
Read which item? (? for menu, Esc to quit)
Okay, then.
* * * LOW HITPOINT WARNING * * *
You feel sick. The killer bee closely misses you. The killer bee stings you!
You die...

#..###..
###.....g
.......# ......#
## ....# ...###
##>%.#
......##.y..#
#....yyy|#
###.).Y($#
##)...## #....#
###....# ###
####.†....## ##.#
#?...).....##
#..#
####........#####
##)###
#######....(.#
###..#########
###....#


You could see a gnoll sergeant and 4 killer bees.

Vanquished Creatures
  A kobold demonologist (D:9)
  A two-headed ogre (D:9)
  A wyvern (D:8)
  A yak (D:7)
  Menkaure (D:7)
  A water moccasin (D:8)
  5 sky beasts
  2 ice beasts
  An ogre (D:9)
  2 centaurs
  2 giant frogs (D:6)
  4 big kobolds
  A gnoll sergeant (D:5)
  4 scorpions
  Dowan (D:6)
  2 killer bees
  A howler monkey (D:6)
  3 wights (D:7)
  4 crimson imps
  A giant frog zombie (D:5)
  A jelly (D:6)
  3 orc priests
  2 hounds
  6 orc wizards
  Crazy Yiuf (D:3)
  A centaur skeleton (D:4)
  A giant frog skeleton (D:4)
  2 iguanas
  8 worker ants
  A hound zombie (D:7)
  A worker ant zombie (D:6)
  7 gnolls
  19 adders
  2 shadow imps (D:5)
  2 oozes
  3 adder skeletons
  2 adder zombies
  A worm (D:2)
  4 dart slugs
  8 giant geckos
  26 orcs
  5 bats
  9 giant cockroaches
  12 hobgoblins
  18 jackals
  21 kobolds
  5 quokkas
  3 ball pythons
  7 giant newts
  11 goblins
  A quokka skeleton (D:5)
  2 quokka zombies
  7 rats
  2 fungi (D:3)
  A plant (Sewer)
244 creatures vanquished.

Vanquished Creatures (collateral kills)
  A yak (D:7)
  2 ogres
  A hound (D:5)
  Jessica (D:3)
  2 sheep (D:8)
  A gnoll (D:5)
  An orc (D:4)
9 creatures vanquished.

Grand Total: 253 creatures vanquished

Notes
Turn   | Place    | Note
--------------------------------------------------------------
     0 | D:1      | Ijustatesigmund the Octopode Transmuter began the quest for the Orb.
     0 | D:1      | Reached XP level 1. HP: 13/13 MP: 3/3
   415 | D:1      | Reached XP level 2. HP: 2/19 MP: 3/5
   713 | D:1      | Learned a level 2 spell: Sticks to Snakes
   950 | D:1      | Reached XP level 3. HP: 16/25 MP: 6/6
   955 | D:1      | Learned a level 3 spell: Spider Form
  1594 | D:2      | Reached XP level 4. HP: 26/36 MP: 6/9
  1839 | D:2      | Reached skill level 1 in Poison Magic
  1842 | D:2      | Reached XP level 5. HP: 29/41 MP: 10/10
  2046 | D:2      | Learned a level 4 spell: Ice Form
  2407 | D:3      | Noticed Jessica
  2425 | D:3      | Killed Jessica
  2758 | D:3      | Found a glowing drain.
  2763 | Sewer    | Entered a sewer
  2902 | Sewer    | Reached XP level 6. HP: 37/46 MP: 11/11
  4379 | D:3      | Noticed Crazy Yiuf
  4386 | D:3      | Killed Crazy Yiuf
  4628 | D:4      | Reached XP level 7. HP: 32/52 MP: 5/12
  4954 | D:4      | Reached skill level 1 in Shields
  5318 | D:4      | Learned a level 2 spell: Ensorcelled Hibernation
  5582 | D:4      | Found a stormy altar of Qazlal.
  5582 | D:4      | Found a shimmering altar of Xom.
  6051 | D:4      | Reached skill level 1 in Hexes
  6249 | D:5      | Entered Level 5 of the Dungeon
  6297 | D:5      | HP: 2/62 [gnoll sergeant/trident of flaming (4)]
  6734 | D:5      | Reached skill level 5 in Transmutations
  6899 | D:5      | Reached XP level 8. HP: 39/57 MP: 1/13
  8041 | D:6      | Reached XP level 9. HP: 55/62 MP: 12/15
  8048 | D:6      | Reached skill level 5 in Ice Magic
  8058 | D:6      | Noticed Dowan
  8064 | D:6      | Killed Dowan
  8118 | D:6      | Noticed Edmund
  8286 | D:7      | Found a staircase to the Ecumenical Temple.
  8295 | Temple   | Entered the Ecumenical Temple
  8387 | Temple   | Became a worshipper of Cheibriados the Contemplative
  8718 | D:7      | Found Zohyublu's Gadget Shop.
  9019 | D:7      | Noticed Menkaure
  9116 | D:8      | Learned a level 3 spell: Ignite Poison
  9161 | D:8      | Reached * piety under Cheibriados
  9301 | D:8      | Found Wilatej's Distillery.
  9312 | D:8      | Reached skill level 5 in Spellcasting
  9602 | D:7      | Killed Menkaure
  9602 | D:7      | Reached skill level 5 in Shields
  9931 | D:7      | Reached skill level 1 in Invocations
 10573 | D:8      | Noticed Uberwunderbarhen's ghost (novice OpTm)
 10582 | D:7      | Reached XP level 10. HP: 40/68 MP: 9/18
 11044 | D:7      | Reached ** piety under Cheibriados
 11353 | D:9      | Noticed a kobold demonologist
 11365 | D:9      | Killed a kobold demonologist
 11714 | D:9      | Slain by a killer bee

Vault maps used:
D:1:      dpeg_arrival_another_circle, st_stairs_3
D:3:      gup_sewer_entry_bowl, uniq_crazy_yiuf_cottage, uniq_jessica
D:4:      gammafunk_temple_overflow_elements
D:5:      kennysheep_six_static_rooms, first_bread, lightli_minifort
D:6:      basic_altar, uniq_duvessa, uniq_edmund
D:7:      minmay_temple_entry_crystal_x, serial_shops, shop, uniq_menkaure
D:8:      serial_shops, shop, serial_curves, eino_curves_01, eino_curves_04,
          hangedman_ranch
Temple:   kilobyte_greek_temple_18
Sewer:    sewer_co_scattered_pipes

Skill      XL: |  1  2  3  4  5  6  7  8  9 10 |
---------------+-------------------------------+-----
Fighting       | 2 6 |  6.0
Stealth        | 4 |  4.8
Unarmed Combat | 6 |  6.2
Spellcasting   | 3 4 5 |  5.6
Transmutations | 4 5 6 |  6.6
Ice Magic      | 3 4 5 6 |  6.0
Poison Magic   | 1 3 |  3.0
Shields        | 2 4 5 |  5.0
Hexes          | 1 2 3 |  3.0
Invocations    | 1 4 |  4.2
Dodging        | |  2.0

Action                   |  1- 3 |  4- 6 |  7- 9 | 10-12 || total
-------------------------+-------+-------+-------+-------++-------
Melee: Unarmed           |    81 |   240 |   340 |    77 ||   738
 Cast: Beastly Appendage |     2 |     5 |    14 |     1 ||    22
       Sticks to Snakes  |       |     6 |    24 |       ||    30
       Ice Form          |       |     2 |    10 |     6 ||    18
       Ensorcelled Hiber |       |       |     5 |     7 ||    12
       Ignite Poison     |       |       |     3 |       ||     3
Invok: Bend Time         |       |       |       |     1 ||     1
Evoke: Wand              |       |       |     3 |       ||     3
  Use: Scroll            |     6 |     7 |    12 |     4 ||    29
       Potion            |     1 |       |    12 |     1 ||    14
 Stab: Sleeping          |     5 |    23 |    16 |     7 ||    51
       Distracted        |       |       |     1 |       ||     1
  Eat: Chunk             |     2 |     6 |     3 |       ||    11
       Fruit             |       |     4 |     4 |       ||     8
       Beef jerky        |       |     1 |       |       ||     1
       Pizza             |       |       |     1 |       ||     1
       Meat ration       |       |       |     1 |       ||     1
       Bread ration      |       |       |     2 |       ||     2
